 Dungeon Crawl Stone Soup version 0.18-a0-1426-g3b9a63c (webtiles) character file.

37 M4edhros the Charlatan (level 3, -1/23 HPs)
             Began as an Octopode Artificer on Feb 28, 2016.
             Slain by an iguana (7 damage)
             ... on level 4 of the Dungeon.
             The game lasted 00:02:14 (1428 turns).

M4edhros the Charlatan (Octopode Artificer)         Turns: 1428, Time: 00:02:14

Health: -1/23      AC:  1    Str: 10    XL:     3   Next: 41%
Magic:  5/5        EV: 12    Int: 15    God:
Gold:   54         SH:  0    Dex: 16    Spells: 0 memorised, 2 levels left

rFire  . . .     SeeInvis .       - Unarmed
rCold  . . .     Gourm    .     (no shield)
rNeg   . . .     Faith    .     (helmet restricted)
rPois  .         Spirit   .     g - amulet of rage
rElec  .         Dismiss  .     a - +4 ring of dexterity
rCorr  .         Reflect  .     h - ring of sustain attributes
SustAt +         Harm     .     (no ring)
MR     .....                    (no ring)
Stlth  +++.......               (no ring)
                                (no ring)
                                (no ring)
                                (no ring)

@: not resistant to hostile enchantments, fairly stealthy
A: almost no armour, amphibious, 8 rings, constrict 8, camouflage 1, gelatinous
body 1
a: Evoke Berserk Rage


You were on level 4 of the Dungeon.
You were not hungry.

You visited 1 branch of the dungeon, and saw 4 of its levels.

You collected 54 gold pieces.

Inventory:

Jewellery
 a - a +4 ring of dexterity (left tentacle)
 g - an amulet of rage (around mantle)
 h - a ring of sustain attributes (right tentacle)
Wands
 b - a wand of flame (15/48)
 c - a wand of enslavement (15/24)
 d - a wand of random effects (13/48)
 i - a wand of flame (28/48)
Scrolls
 j - a scroll of identify {unknown}
 n - a scroll of enchant weapon {unknown}
Potions
 e - a potion of resistance {unknown}
 m - a potion of heal wounds {unknown}
Books
 l - a book of the Warp

   Spells                             Type                      Level
   a - Recall                         Summoning/Translocation      3
   b - Gell's Gravitas                Hexes/Translocation          3
   c - Force Lance                    Conjuration/Translocation    4
   d - Warp Weapon                    Charms/Translocation         5
   e - Summon Forest                  Summoning/Translocation      5
Comestibles
 f - a bread ration
 k - 2 slices of pizza
 o - a beef jerky


   Skills:
 - Level 1.0 Fighting
   Level 1.0 Short Blades
 - Level 2.0 Dodging
 - Level 1.3 Stealth
 + Level 2.9 Unarmed Combat
 - Level 3.2 Evocations


You had 2 spell levels left.
You didn't know any spells.

Dungeon Overview and Level Annotations

Branches:
Dungeon (4/15)
 Temple: D:4-7

Altars:


Innate Abilities, Weirdness & Mutations

You cannot wear most types of armour.
You are amphibious.
You can wear up to eight rings at the same time.
You can use your tentacles to constrict eight enemies at once.
Your skin changes colour to match your surroundings (Stealth).
Your rubbery body absorbs attacks (AC +1).


Message History

You constrict the iguana. The iguana closely misses you.
Evoke which item? (* to show all) (? for menu, Esc to quit)
Zapping:
d - a wand of random effects (15/48)
Press: ? - help, Shift-Dir - straight line, f - iguana
Aim: an iguana (moderately wounded, constricted by you)
The bolt of cold hits the iguana.
The iguana is moderately wounded.
This wand has 14 charges left.
You constrict the iguana, but do no damage.
The iguana bites you.
* * * LOW HITPOINT WARNING * * *
Unknown command.
Evoke which item? (* to show all) (? for menu, Esc to quit)
Zapping:
d - a wand of random effects (14/48)
Press: ? - help, Shift-Dir - straight line, f/p - iguana
Aim: an iguana (moderately wounded, constricted by you)
The iguana flickers and vanishes!
Deactivating autopickup; reactivate with Ctrl-A.
This wand has 13 charges left.
You constrict something. Something bites you!
You die...

######
#>....####
.........######
.......{......#
#....@..%.#
##......###
#......# #..#
#.....## #..#
#.....# #..#
#.....# #..#
#.....# #..#
#.(...# #..#
#...#..#


There were no monsters in sight!

Vanquished Creatures
  2 adders (D:3)
  2 worms
  A giant gecko (D:1)
  A bat (D:3)
  2 goblins
  2 giant newts
  2 kobolds (D:3)
  4 rats
16 creatures vanquished.

Notes
Turn   | Place    | Note
--------------------------------------------------------------
     0 | D:1      | M4edhros the Octopode Artificer began the quest for the Orb.
     0 | D:1      | Reached XP level 1. HP: 13/13 MP: 3/3
   178 | D:2      | Reached skill level 1 in Unarmed Combat
   654 | D:2      | Reached XP level 2. HP: 18/18 MP: 4/4
  1237 | D:3      | Reached XP level 3. HP: 23/23 MP: 5/5
  1428 | D:4      | Slain by an iguana

Vault maps used:
D:1:      lightli_arrival_statue_moat
D:3:      lemuel_doored_altar, bloody_makhleb, patterned_corridor
D:4:      first_bread

Skill      XL: |  1  2 |
---------------+-------+-----
Unarmed Combat | 1 2 |  2.9
Fighting       | |  1.0
Short Blades   | |  1.0
Dodging        | |  2.0
Stealth        | |  1.3
Evocations     | |  3.2

Action                   || total
-------------------------++-------
Melee: Unarmed           ||    46
 Abil: Evoke Berserk Rag ||     1
Evoke: Wand              ||     2
 Stab: Sleeping          ||     2
  Eat: Chunk             ||     2
